 Dungeon Crawl Stone Soup version 0.31-a0-188-g5e087ee2ca (webtiles) character file.

Game seed: 3126670457626853582

100963 qw the Markself (level 15, -8/97 HPs)
             Began as a Deep Elf Hunter on June 23, 2023.
             Was an Elder of Okawaru.
             Mangled by Rupert
             ... wielding a +2 great sword of holy wrath
              (25 damage)
             ... on level 14 of the Dungeon.
             The game lasted 00:09:11 (20761 turns).

qw the Markself (Deep Elf Hunter)                  Turns: 20761, Time: 00:09:12

Health: -8/97      AC: 17    Str: 16      XL:     15   Next: 82%
Magic:  24/24      EV: 30    Int: 14 (15) God:    Okawaru [****..]
Gold:   982        SH:  5    Dex: 19      Spells: 14/14 levels left

rFire   . . .        p - +5 arbalest (elec)
rCold   . . .        (shield currently unavailable)
rNeg    . . .        o - +1 ring mail {rPois}
rPois   +            d - +0 helmet
rElec   .            r - +0 cloak
rCorr   .            j - +1 pair of gloves
SInv    .            k - +1 pair of boots
Will    +....        x - amulet of reflection
Stlth   +++          e - +4 ring of slaying {mikee}
HPRegen 0.36/turn    q - +5 ring of evasion
MPRegen 0.19/turn

%: reflection
@: about to teleport, heroic
A: deterioration 1, strong 1, wild magic 1
a: Renounce Religion, Heroism, Finesse


You were on level 14 of the Dungeon.
You worshipped Okawaru.
Okawaru was greatly pleased with you.
You visited 3 branches of the dungeon, and saw 21 of its levels.
You also visited: Sewer and Gauntlet.

You collected 1326 gold pieces.
You spent 344 gold pieces at shops.


Innate Abilities, Weirdness & Mutations

Your body sometimes deteriorates upon taking damage.
Your muscles are strong. (Str +4, Int/Dex -1)
Your spells are a little harder to cast, but a little more powerful.


   Skills:
 + Level 12.9(17.9) Fighting
 - Level 19.5(24.5) Ranged Weapons
 - Level 8.0(13.0) Armour
 - Level 18.0(23.0) Dodging
 - Level 1.2(6.2) Stealth
 - Level 10.0 Invocations


You had 14 spell levels left.
You didn't know any spells.
Your spell library was empty.

Inventory:

Hand Weapons
 p - a +5 arbalest of electrocution (weapon)
Armour
 d - a +0 helmet (worn)
 i - +2 acid dragon scales
 j - a +1 pair of gloves (worn)
 k - a +1 pair of boots (worn)
 o - a +1 ring mail of poison resistance (worn)
 r - a +0 cloak (worn)
Jewellery
 e - a +4 ring of slaying (left hand) {mikee}
 m - the ring "Saitt" {rF+ rC- rCorr Str+3 Int+3}
   (You found it in a Gauntlet)

   [ring of resist corrosion]

   Str:       It affects your strength (+3).
   Int:       It affects your intelligence (+3).
   rF:        It protects you from fire.
   rC:        It makes you vulnerable to cold.
   rCorr:     It protects you from acid and corrosion.
 q - a +5 ring of evasion (right hand)
 u - a ring of protection from fire
 x - an amulet of reflection (around neck)
 y - a ring of protection from fire
Wands
 v - a wand of digging (3)
Scrolls
 l - 9 scrolls of identify
Potions
 a - 2 potions of mutation
 b - a potion of resistance
 c - 4 potions of might
 f - 7 potions of curing
 g - 6 potions of heal wounds
 h - a potion of magic
 n - 2 potions of enlightenment
 t - 2 potions of haste
 w - a potion of cancellation

Dungeon Overview and Level Annotations

Branches:
Dungeon (15/15)            Temple (1/1) D:7            Lair (5/5) D:10
 Shoals (0/4) Lair:2       Spider (0/4) Lair:3        Slime (0/5) Lair:4
    Orc (0/2) D:9          Vaults (0/5) D:13          Sewer (visited)
Gauntlet (visited)
 Depths: D:15

Altars:
Ashenzari
Cheibriados
Dithmenos
Elyvilon
Fedhas
Gozag
Hepliaklqana
Kikubaaqudgha
Makhleb
Nemelex Xobeh
Okawaru
Qazlal
Ru
Sif Muna
Trog
Uskayaw
Vehumet
Wu Jian
Xom
Yredelemnul
Zin
The Shining One
Jiyva

Shops:
D:3 :   D:7 *   D:8 *

Annotations:
D:3 3 runed translucent doors, qw's ghost, amateur DEHu
D:13 exclusion: moth of wrath
D:14 Rupert
Lair:2 3 runed translucent doors, qw's ghost, journeyman GrFi
Lair:4 1 runed translucent door


Message History

The orc priest completely misses you.
The skeletal warrior closely misses you.
20753 ||| STAIRDANCE The skeletal warrior completely misses you. x2
Rupert hits you with a +2 great sword of holy wrath!
The orc priest barely misses you.
In your confused state, you trip and fall back down the stairs.
The skeletal warrior closely misses you. x2
Rupert roars madly and goes into a rage!
Rupert goes berserk!
The orc priest closely misses you.
20755 ||| STAIRDANCE Rupert hits you but does no damage.
The skeletal warrior completely misses you. x2
The orc priest completely misses you.
In your confused state, you trip and fall back down the stairs.
Rupert misses you. Rupert completely misses you.
The skeletal warrior hits you but does no damage.
20757 ||| STAIRDANCE You feel less confused.
Rupert misses you.
The skeletal warrior completely misses you.
You climb upwards.
There is a stone staircase leading down here.
You shoot a bolt. The bolt hits Rupert!!
Lightning courses through Rupert!
Rupert is severely wounded.
Rupert closely misses you.
Rupert hits you with a +2 great sword of holy wrath.
The orc priest hits you but does no damage.
The skeletal warrior hits you with a +0 hand axe of flaming!!
The skeletal warrior burns you.
You shoot a bolt. The bolt hits Rupert.
Rupert is severely wounded.
Rupert hits you with a +2 great sword of holy wrath!
The skeletal warrior hits you but does no damage.
The orc priest misses you. Rupert closely misses you.
20761 ||| READING scroll of teleportation.
As you read the scroll of teleportation, it crumbles to dust.
You feel strangely unstable.
Rupert hits you with a +2 great sword of holy wrath!!
You die...

............#####....0#
...........##...#..)..###
...........#......._....#
................#.....#.#
................#0...ยค#.#
.#..............###.###.#
.##.....................#
..#............oz)....###
.....#......^..@@%.....#
..<..#..........#####.##
...................####
....##).............#
..##.#..#.#.....#...#
........#.###.###...#
...........##[......#
...........)..)....##
..................:.##


You could see Rupert (berserk), a skeletal warrior and an orc priest.

Vanquished Creatures
  4 dire elephants (Lair:5)
  A minotaur (Gauntlet)
  Josephine (D:11)
  4 vault guards (D:13)
  A rakshasa (D:14)
  A catoblepas (Lair:5)
  An ogre mage (D:15)
  2 centaur warriors (D:14)
  7 hydras
  9 two-headed ogres
  A death knight (D:12)
  8 boulder beetles
  A tengu warrior (D:14)
  Urug (D:11)
  10 death yaks
  Amaemon (D:11)
  A deep elf knight (D:13)
  Sonja (Lair:4)
  A spectral death yak (Lair:5)
  A fire crab (Gauntlet)
  3 skeletal warriors
  2 skysharks
  A spectral anaconda (Lair:5)
  A wizard (D:13)
  A deep elf archer (D:13)
  An obsidian statue (Lair:5)
  A lindwurm (Lair:2)
  2 orc knights
  An orc sorcerer (D:13)
  2 deep elf pyromancers (D:12)
  4 necromancers (Lair:5)
  An ugly thing (D:10)
  2 oklob plants (Lair:3)
  3 cyclopes
  A manticore (shapeshifter) (D:14)
  21 elephants
  3 manticores
  3 black mambas
  An apocalypse crab (Gauntlet)
  3 gargoyles
  2 dire elephant zombies (Lair:5)
  11 cane toads
  A torpor snail (Lair:4)
  A kobold demonologist (D:13)
  4 unseen horrors (D:12)
  An orange demon (D:11)
  6 rime drakes
  12 komodo dragons
  2 tengu conjurers
  3 meliai (D:12)
  A queen bee (D:12)
  3 polar bears
  5 trolls
  A wind drake (shapeshifter) (D:13)
  11 dream sheep
  25 blink frogs
  A jumping spider (Lair:3)
  Sigmund (D:4)
  8 slime creatures
  2 shadows
  37 yaks
  3 culicivoras (Lair:3)
  3 fire bats (Gauntlet)
  6 wraiths
  7 wyverns
  2 vampires
  2 steam dragons (D:9)
  4 basilisks
  9 vampire mosquitoes
  4 redbacks (Lair:3)
  Edmund (D:4)
  A death yak simulacrum (Lair:5)
  A spectral cane toad (Lair:5)
  Duvessa (D:7)
  An acid dragon (D:9)
  18 water moccasins
  A hell hound (Gauntlet)
  6 orc warriors
  An ice beast (D:6)
  2 sky beasts
  An elephant zombie (Lair:5)
  8 centaurs
  4 ogres
  3 wolves (Lair:2)
  An elephant skeleton (Lair:5)
  9 kobold brigands
  7 bullfrogs
  3 gnoll sergeants
  2 scorpions
  13 wights
  Dowan (D:7)
  19 killer bees
  An elephant simulacrum (Lair:5)
  An electric eel (Lair:4)
  5 howler monkeys
  4 hounds
  14 orc priests
  A sleepcap (D:6)
  2 jellies
  A gnoll bouda (D:8)
  5 iguanas
  14 orc wizards
  20 gnolls
  7 adders
  3 river rats (Sewer)
  3 shadow imps
  3 worms
  4 dart slugs
  39 orcs
  13 ball pythons
  7 bats
  22 endoplasms
  5 giant cockroaches
  8 hobgoblins
  3 jackals
  6 quokkas
  6 frilled lizards
  6 goblins
  28 kobolds
  7 rats
634 creatures vanquished.

Notes
Turn   | Place    | Note
-------+----------+-------------------------------------------
     0 | D:1      | qw the Deep Elf Hunter began the quest for the Orb.
     0 | D:1      | Reached XP level 1. HP: 12/12 MP: 3/3
     0 | D:1      | 0 ||| qw: Version: 0.3-a-9-g12657ce
     0 | D:1      | 0 ||| qw: Game counter: 4394
     0 | D:1      | 0 ||| qw: Always use a shield: true
     0 | D:1      | 0 ||| qw: God list: Okawaru
     0 | D:1      | 0 ||| qw: Allow faded altars: false
     0 | D:1      | 0 ||| qw: Do Orc after D:15 true
     0 | D:1      | 0 ||| qw: Do second Lair branch before Depths: true
     0 | D:1      | 0 ||| qw: Lair rune preference: random
     0 | D:1      | 0 ||| qw: Plans: Normal
     0 | D:1      | 0 ||| PLANNING D:1-11
   171 | D:1      | Reached skill level 6 in Ranged Weapons
   171 | D:1      | Reached XP level 2. HP: 16/16 MP: 4/4
   599 | D:1      | Reached XP level 3. HP: 18/20 MP: 5/5
   652 | D:1      | 652 ||| UPGRADING to +4 ring of slaying {mikee}.
   653 | D:1      | 653 ||| DROPPING scroll of butterflies.
   683 | D:2      | 683 ||| Stepping ~*~*~tactically~*~*~ (water).
   909 | D:2      | Reached skill level 7 in Ranged Weapons
  1080 | D:2      | 1080 ||| UPGRADING to +0 pair of boots.
  1085 | D:2      | 1085 ||| READING scroll labelled ZEIRUU ZOETISI.
  1086 | D:2      | 1086 ||| READING scroll labelled LAUW WOIDUDUMPA.
  1187 | D:2      | 1187 ||| READING scroll labelled HILEID QAUZEPN.
  1187 | D:2      | Identified a scroll of acquirement
  1187 | D:2      | 1187 ||| ACQUIRING +6 orcbow of Evolution {freeze, rElec
                  | Int+3}
  1187 | D:2      | Acquired the +6 orcbow of Evolution {freeze, rElec Int+3}
  1189 | D:2      | 1189 ||| SWAPPING to +6 orcbow of Evolution {freeze, rElec
                  | Int+3}.
  1190 | D:2      | 1190 ||| DROPPING +0 shortbow.
  1191 | D:2      | 1191 ||| DRINKING 2 amethyst potions.
  1192 | D:2      | 1192 ||| DROPPING potion of attraction.
  1205 | D:3      | Found a runed translucent gate.
  1205 | D:3      | Found a runed translucent gate.
  1205 | D:3      | Found a runed translucent gate.
  1218 | D:3      | Reached XP level 4. HP: 17/25 MP: 6/6
  1322 | D:3      | Found Lujuqit's Book Emporium.
  1393 | D:3      | Noticed qw's ghost (amateur DEHu)
  1668 | D:3      | Reached skill level 8 in Ranged Weapons
  1829 | D:3      | Reached XP level 5. HP: 29/29 MP: 7/7
  2064 | D:3      | 2064 ||| UPGRADING to +0 ring mail.
  2074 | D:3      | 2074 ||| DROPPING +0 leather armour.
  2075 | D:3      | 2075 ||| READING scroll labelled NARAON KAESO.
  2076 | D:3      | 2076 ||| READING scroll labelled XEDEXU SUNGYA.
  2077 | D:3      | 2077 ||| READING scroll labelled OSTOUK JE GAQETAOG.
  2078 | D:3      | 2078 ||| READING scroll labelled QAUZAM HAL DAF.
  2079 | D:3      | 2079 ||| READING scroll labelled DUT WANOLAGUN.
  2080 | D:3      | 2080 ||| READING scroll labelled RASUSI KENUKLE.
  2081 | D:3      | 2081 ||| READING scroll labelled TUMASHR VERY.
  2082 | D:3      | 2082 ||| DRINKING 2 pink potions.
  2104 | D:3      | 2104 ||| DRINKING 3 murky puce potions.
  2104 | D:3      | Gained mutation: You are resistant to electric shocks.
                  | (rElec) [potion of mutation]
  2104 | D:3      | Gained mutation: Armour fits poorly on your strangely
                  | shaped body. [potion of mutation]
  2104 | D:3      | Gained mutation: You occasionally lose the ability to drink
                  | potions when taking damage. [potion of mutation]
  2105 | D:3      | 2105 ||| DRINKING 2 potions of mutation.
  2105 | D:3      | Lost mutation: You are resistant to electric shocks.
                  | (rElec) [potion of mutation]
  2105 | D:3      | Lost mutation: You occasionally lose the ability to drink
                  | potions when taking damage. [potion of mutation]
  2105 | D:3      | Gained mutation: Your spells are a little harder to cast,
                  | but a little more powerful. [potion of mutation]
  2105 | D:3      | Gained mutation: You sometimes lose your temper in combat.
                  | [potion of mutation]
  2105 | D:3      | Gained mutation: Your muscles are strong. (Str +4, Int/Dex
                  | -1) [potion of mutation]
  2106 | D:3      | 2106 ||| DRINKING potion of mutation.
  2106 | D:3      | Lost mutation: You sometimes lose your temper in combat.
                  | [potion of mutation]
  2106 | D:3      | Lost mutation: Your muscles are strong. (Str +4, Int/Dex
                  | -1) [potion of mutation]
  2106 | D:3      | Lost mutation: Armour fits poorly on your strangely shaped
                  | body. [potion of mutation]
  2106 | D:3      | Gained mutation: You are agile. (Dex +4, Str/Int -1)
                  | [potion of mutation]
  2106 | D:3      | Gained mutation: You occasionally lose the ability to drink
                  | potions when taking damage. [potion of mutation]
  2106 | D:3      | Gained mutation: Your body sometimes deteriorates upon
                  | taking damage. [potion of mutation]
  2107 | D:3      | 2107 ||| DROPPING potion of lignification.
  2117 | D:4      | 2117 ||| PLANNING SEWER
  2283 | D:4      | Noticed a sky beast
  2287 | D:4      | Killed a sky beast
  2288 | D:4      | Reached skill level 9 in Ranged Weapons
  2342 | D:4      | Found a glowing drain.
  2343 | D:4      | 2343 ||| Stepping ~*~*~tactically~*~*~ (outnumbered).
  2344 | D:4      | 2344 ||| DRINKING 2 fizzy golden potions.
  2346 | D:4      | 2346 ||| DRINKING 2 blue potions.
  2351 | D:4      | 2351 ||| Stepping ~*~*~tactically~*~*~ (water).
  2353 | D:4      | 2353 ||| Stepping ~*~*~tactically~*~*~ (water).
  2361 | Sewer    | Entered a sewer
  2441 | Sewer    | 2441 ||| Stepping ~*~*~tactically~*~*~ (water).
  2450 | Sewer    | Reached XP level 6. HP: 36/36 MP: 8/8
  2463 | Sewer    | 2463 ||| Stepping ~*~*~tactically~*~*~ (water).
  2515 | Sewer    | 2515 ||| Stepping ~*~*~tactically~*~*~ (water).
  2517 | Sewer    | 2517 ||| Stepping ~*~*~tactically~*~*~ (water).
  2519 | Sewer    | 2519 ||| Stepping ~*~*~tactically~*~*~ (water).
  2522 | Sewer    | 2522 ||| Stepping ~*~*~tactically~*~*~ (water).
  2524 | Sewer    | 2524 ||| Stepping ~*~*~tactically~*~*~ (water).
  2526 | Sewer    | 2526 ||| Stepping ~*~*~tactically~*~*~ (water).
  2594 | Sewer    | 2594 ||| Stepping ~*~*~tactically~*~*~ (water).
  2600 | Sewer    | Reached skill level 3 in Dodging
  2601 | Sewer    | HP: 9/36 [poisoned by a kobold brigand]
  2606 | Sewer    | HP: 4/36 [poisoned by a kobold brigand]
  2780 | Sewer    | 2780 ||| READING scroll of enchant armour.
  2780 | Sewer    | 2780 ||| ENCHANTING +0 pair of boots.
  2792 | Sewer    | 2792 ||| Stepping ~*~*~tactically~*~*~ (water).
  2795 | Sewer    | 2795 ||| Stepping ~*~*~tactically~*~*~ (water).
  2836 | Sewer    | Reached XP level 7. HP: 40/40 MP: 9/9
  2837 | Sewer    | Reached skill level 10 in Ranged Weapons
  2855 | Sewer    | Reached skill level 1 in Armour
  2951 | Sewer    | 2951 ||| FLEEEEING.
  3068 | Sewer    | 3068 ||| Stepping ~*~*~tactically~*~*~ (water).
  3072 | Sewer    | 3072 ||| Stepping ~*~*~tactically~*~*~ (outnumbered).
  3081 | Sewer    | Reached skill level 11 in Ranged Weapons
  3103 | Sewer    | 3103 ||| READING scroll labelled QUOGEO SIRIO.
  3126 | D:4      | 3126 ||| PLANNING D:1-11
  3273 | D:4      | Noticed Sigmund
  3276 | D:4      | Killed Sigmund
  3289 | D:4      | Noticed Edmund
  3297 | D:4      | Killed Edmund
  3298 | D:4      | Reached skill level 12 in Ranged Weapons
  3298 | D:4      | Reached XP level 8. HP: 33/45 MP: 10/10
  3462 | D:4      | Reached skill level 3 in Fighting
  3939 | D:4      | 3939 ||| UPGRADING to +0 helmet.
  3944 | D:4      | 3944 ||| READING scroll labelled FUOBE ETUEHUNG.
  3968 | D:5      | Entered Level 5 of the Dungeon
  4007 | D:5      | Reached skill level 13 in Ranged Weapons
  4084 | D:5      | 4084 ||| Stepping ~*~*~tactically~*~*~ (outnumbered).
  4086 | D:5      | 4086 ||| Stepping ~*~*~tactically~*~*~ (outnumbered).
  4183 | D:5      | Reached skill level 14 in Ranged Weapons
  4263 | D:5      | 4263 ||| READING scroll of acquirement.
  4263 | D:5      | 4263 ||| ACQUIRING +4 arbalest of electrocution
  4263 | D:5      | Acquired a +4 arbalest of electrocution
  4290 | D:5      | Found a glowing silver altar of Zin.
  4544 | D:5      | 4544 ||| UPGRADING to +5 ring of evasion.
  4545 | D:5      | 4545 ||| READING 2 scrolls labelled GOBOCYALIE.
  4625 | D:5      | 4625 ||| READING 4 scrolls of identify.
  4625 | D:5      | 4625 ||| IDENTIFYING white potion
  4626 | D:5      | 4626 ||| READING 3 scrolls of identify.
  4626 | D:5      | 4626 ||| IDENTIFYING clear potion
  4627 | D:5      | 4627 ||| READING 2 scrolls of identify.
  4627 | D:5      | 4627 ||| IDENTIFYING emerald potion
  4628 | D:5      | 4628 ||| DROPPING potion of invisibility.
  4629 | D:5      | 4629 ||| DROPPING scroll of torment.
  4708 | D:6      | Reached XP level 9. HP: 50/50 MP: 11/11
  5090 | D:6      | Reached skill level 15 in Ranged Weapons
  5439 | D:6      | 5439 ||| UPGRADING to +0 pair of gloves.
  5444 | D:6      | 5444 ||| UPGRADING to +0 cloak.
  5449 | D:6      | 5449 ||| READING scroll labelled TYXZUNK ZIOX.
  5471 | D:7      | 5471 ||| STAIRDANCE
  5647 | D:7      | Reached skill level 6 in Dodging
  5817 | D:7      | Noticed a two-headed ogre
  5824 | D:7      | Killed a two-headed ogre
  5910 | D:7      | Found a staircase to the Ecumenical Temple.
  5911 | D:7      | 5911 ||| PLANNING TEMPLE
  5911 | D:7      | 5911 ||| READING 3 scrolls of identify.
  5911 | D:7      | 5911 ||| IDENTIFYING fizzy clear potion
  5912 | D:7      | 5912 ||| DRINKING potion of experience.
  5912 | D:7      | Reached skill level 19 in Ranged Weapons
  5912 | D:7      | Reached XP level 10. HP: 59/59 MP: 12/12
  5913 | D:7      | 5913 ||| READING 2 scrolls of identify.
  5913 | D:7      | 5913 ||| IDENTIFYING smoky puce potion
  5922 | Temple   | Entered the Ecumenical Temple
  5940 | Temple   | 5940 ||| PLANNING OKAWARU WORSHIP
  6084 | Temple   | Became a worshipper of Warmaster Okawaru
  6085 | Temple   | 6085 ||| PLANNING D:1-11
  6142 | D:7      | Noticed Duvessa
  6142 | D:7      | Noticed Dowan
  6146 | D:7      | Killed Duvessa
  6148 | D:7      | Killed Dowan
  6212 | D:7      | Found Ytiur's General Store.
  6326 | D:7      | Reached XP level 11. HP: 64/64 MP: 13/13
  6526 | D:7      | 6526 ||| BUYING potion of curing (36 gold).
  6526 | D:7      | Bought a potion of curing for 36 gold pieces
  6526 | D:7      | 6526 ||| BUYING scroll of identify (24 gold).
  6526 | D:7      | Bought a scroll of identify for 24 gold pieces
  6632 | D:7      | 6632 ||| UPGRADING to +2 leather armour of willpower.
  6642 | D:7      | 6642 ||| READING 3 scrolls of identify.
  6642 | D:7      | 6642 ||| IDENTIFYING viscous yellow potion
  6643 | D:7      | 6643 ||| DROPPING potion of berserk rage.
  6705 | D:8      | Found Uhiqiajo's Assorted Antiques.
  6717 | D:8      | 6717 ||| BUYING emerald ring (160 gold).
  6717 | D:8      | Bought an emerald ring for 160 gold pieces
  6717 | D:8      | 6717 ||| SHOPLISTING garnet ring (160 gold, have 151).
  6717 | D:8      | 6717 ||| BUYING potion of curing (96 gold).
  6717 | D:8      | Bought a potion of curing for 96 gold pieces
  6717 | D:8      | 6717 ||| SHOPLISTING runed ring mail (224 gold, have 55).
  6717 | D:8      | 6717 ||| BUYING sedimented purple potion (28 gold).
  6717 | D:8      | Bought a sedimented purple potion for 28 gold pieces
  6864 | D:8      | Reached * piety under Okawaru
  6881 | D:8      | Found a sparkling altar of Nemelex Xobeh.
  6912 | D:8      | Reached skill level 1 in Invocations
  6949 | D:8      | 6949 ||| INVOKING Heroism.
  6962 | D:8      | 6962 ||| INVOKING Heroism.
  7147 | D:8      | 7147 ||| DROPPING +6 ring of strength.
  7148 | D:8      | 7148 ||| READING 3 scrolls of identify.
  7148 | D:8      | 7148 ||| IDENTIFYING sedimented purple potion
  7149 | D:8      | 7149 ||| READING 2 scrolls of identify.
  7149 | D:8      | 7149 ||| IDENTIFYING silvery potion
  7150 | D:8      | 7150 ||| DROPPING potion of degeneration.
  7270 | D:9      | 7270 ||| INVOKING Heroism.
  7273 | D:9      | 7273 ||| Stepping ~*~*~tactically~*~*~ (cloud).
  7278 | D:9      | Reached skill level 3 in Invocations
  7345 | D:9      | 7345 ||| READING scroll of enchant armour.
  7345 | D:9      | 7345 ||| ENCHANTING +0 pair of gloves.
  7374 | D:9      | 7374 ||| INVOKING Heroism.
  7466 | D:9      | 7466 ||| INVOKING Heroism.
  7470 | D:9      | Reached skill level 9 in Dodging
  7491 | D:9      | 7491 ||| Stepping ~*~*~tactically~*~*~ (outnumbered).
  7494 | D:9      | 7494 ||| UPGRADING to +0 acid dragon scales.
  7502 | D:9      | 7502 ||| UPGRADING to +2 leather armour of willpower.
  7509 | D:9      | 7509 ||| UPGRADING to +0 acid dragon scales.
  7520 | D:9      | 7520 ||| DROPPING +2 leather armour of willpower.
  7521 | D:9      | 7521 ||| DROPPING +0 ring mail.
  7640 | D:9      | Found a staircase to the Orcish Mines.
  7780 | D:9      | Found a white marble altar of Elyvilon.
  7784 | D:9      | 7784 ||| INVOKING Heroism.
  7787 | D:9      | 7787 ||| Stepping ~*~*~tactically~*~*~ (cloud).
  7788 | D:9      | 7788 ||| Stepping ~*~*~tactically~*~*~ (cloud).
  7843 | D:9      | Noticed a two-headed ogre
  7844 | D:9      | 7844 ||| INVOKING Heroism.
  7853 | D:9      | Killed a two-headed ogre
  7854 | D:9      | Reached skill level 3 in Armour
  7984 | D:9      | 7984 ||| READING scroll labelled WURANIW NENAA.
  8008 | D:10     | Entered Level 10 of the Dungeon
  8008 | D:10     | Noticed a green ugly thing
  8009 | D:10     | 8009 ||| INVOKING Heroism.
  8011 | D:10     | Noticed a two-headed ogre
  8016 | D:10     | Killed a green ugly thing
  8024 | D:10     | Killed a two-headed ogre
  8026 | D:10     | Reached ** piety under Okawaru
  8027 | D:10     | 8027 ||| STAIRDANCE
  8275 | D:10     | 8275 ||| FLEEEEING.
  8276 | D:10     | 8276 ||| FLEEEEING.
  8279 | D:10     | 8279 ||| FLEEEEING.
  8281 | D:10     | 8281 ||| FLEEEEING.
  8282 | D:10     | 8282 ||| FLEEEEING.
  8288 | D:10     | 8288 ||| FLEEEEING.
  8470 | D:10     | 8470 ||| INVOKING Heroism.
  8476 | D:10     | Reached skill level 6 in Fighting
  8523 | D:10     | Found an ornate altar of the Wu Jian Council.
  8537 | D:10     | Found a staircase to the Lair.
  8546 | D:10     | 8546 ||| INVOKING Heroism.
  8753 | D:10     | 8753 ||| PLANNING LAIR
  8757 | Lair:1   | Entered Level 1 of the Lair of Beasts
  8833 | Lair:1   | 8833 ||| INVOKING Heroism.
  8851 | Lair:1   | 8851 ||| INVOKING Heroism.
  8897 | Lair:1   | 8897 ||| INVOKING Heroism.
  9099 | Lair:1   | 9099 ||| INVOKING Heroism.
  9103 | Lair:1   | Reached XP level 12. HP: 70/70 MP: 14/17
  9235 | Lair:1   | Reached *** piety under Okawaru
  9310 | Lair:1   | 9310 ||| INVOKING Heroism.
  9339 | Lair:1   | Noticed a boulder beetle
  9340 | Lair:1   | 9340 ||| INVOKING Heroism.
  9345 | Lair:1   | Killed a boulder beetle
  9346 | Lair:1   | Reached skill level 12 in Dodging
  9718 | Lair:1   | 9718 ||| READING scroll labelled YLLELU HOIPRU.
  9777 | Lair:2   | 9777 ||| Stepping ~*~*~tactically~*~*~ (outnumbered).
  9778 | Lair:2   | 9778 ||| Stepping ~*~*~tactically~*~*~ (outnumbered).
  9778 | Lair:2   | Found a staircase to the Shoals.
  9780 | Lair:2   | 9780 ||| Stepping ~*~*~tactically~*~*~ (outnumbered).
  9783 | Lair:2   | 9783 ||| Stepping ~*~*~tactically~*~*~ (outnumbered).
  9950 | Lair:2   | Noticed a six-headed hydra
  9951 | Lair:2   | 9951 ||| INVOKING Heroism.
  9958 | Lair:2   | Killed a six-headed hydra
  9993 | Lair:2   | 9993 ||| INVOKING Heroism.
 10052 | Lair:2   | Reached **** piety under Okawaru
 10073 | Lair:2   | 10073 ||| INVOKING Heroism.
 10102 | Lair:2   | Noticed a boulder beetle
 10103 | Lair:2   | 10103 ||| INVOKING Heroism.
 10110 | Lair:2   | Killed a boulder beetle
 10153 | Lair:2   | 10153 ||| INVOKING Heroism.
 10159 | Lair:2   | Noticed a boulder beetle
 10167 | Lair:2   | Killed a boulder beetle
 10206 | Lair:2   | 10206 ||| INVOKING Heroism.
 10213 | Lair:2   | Reached skill level 6 in Invocations
 10336 | Lair:2   | Found a runed translucent gate.
 10337 | Lair:2   | Found a runed translucent gate.
 10338 | Lair:2   | Found a runed translucent gate.
 10380 | Lair:2   | Noticed a boulder beetle
 10381 | Lair:2   | 10381 ||| INVOKING Heroism.
 10392 | Lair:2   | Killed a boulder beetle
 10393 | Lair:2   | Reached XP level 13. HP: 78/78 MP: 17/20
 10534 | Lair:2   | Noticed qw's ghost (journeyman GrFi)
 10564 | Lair:2   | 10564 ||| DROPPING amulet of magic regeneration.
 10565 | Lair:2   | 10565 ||| READING 5 scrolls of identify.
 10565 | Lair:2   | 10565 ||| IDENTIFYING viscous clear potion
 10598 | Lair:3   | 10598 ||| INVOKING Heroism.
 10707 | Lair:3   | 10707 ||| INVOKING Heroism.
 10743 | Lair:3   | 10743 ||| INVOKING Heroism.
 10878 | Lair:3   | Found a hole to the Spider Nest.
 10954 | Lair:3   | Reached skill level 9 in Fighting
 10959 | Lair:3   | Reached ***** piety under Okawaru
 11268 | Lair:3   | 11268 ||| INVOKING Heroism.
 11319 | Lair:3   | 11319 ||| READING scroll of enchant armour.
 11319 | Lair:3   | 11319 ||| ENCHANTING +0 acid dragon scales.
 11320 | Lair:3   | Found a bloodstained altar of Trog.
 11322 | Lair:3   | 11322 ||| INVOKING Heroism.
 11356 | Lair:3   | 11356 ||| INVOKING Heroism.
 11460 | Lair:3   | Identified the +7 dagger "Ixextis" {protect, +Blink rN+
                  | Int+5 Stlth+}
 11862 | Lair:3   | 11862 ||| DROPPING +0 troll leather armour.
 11863 | Lair:3   | 11863 ||| DROPPING ring of see invisible.
 11864 | Lair:3   | 11864 ||| READING scroll labelled GECWOA QIGEN.
 11905 | Lair:4   | Found a runed translucent door.
 11905 | Lair:4   | Found a viscous altar of Jiyva.
 11911 | Lair:4   | Noticed an acid blob
 11912 | Lair:4   | Found a staircase to the Slime Pits.
 11951 | Lair:4   | 11951 ||| INVOKING Heroism.
 11967 | Lair:4   | Reached skill level 9 in Invocations
 12080 | Lair:4   | 12080 ||| INVOKING Heroism.
 12180 | Lair:4   | Noticed Sonja
 12188 | Lair:4   | Killed Sonja
 12250 | Lair:4   | 12250 ||| INVOKING Heroism.
 12499 | Lair:4   | 12499 ||| INVOKING Heroism.
 12607 | Lair:4   | 12607 ||| DROPPING ring of positive energy.
 12792 | Lair:5   | Entered Level 5 of the Lair of Beasts
 12793 | Lair:5   | 12793 ||| INVOKING Heroism.
 12800 | Lair:5   | HP: 13/80 [death yak (13)]
 12801 | Lair:5   | 12801 ||| STAIRDANCE
 12803 | Lair:4   | 12803 ||| READING 3 scrolls of teleportation.
 12803 | Lair:4   | HP: 3/80 [death yak (11)]
 13069 | Lair:5   | 13069 ||| INVOKING Heroism.
 13114 | Lair:5   | 13114 ||| INVOKING Heroism.
 13118 | Lair:5   | Reached skill level 6 in Armour
 13232 | Lair:5   | 13232 ||| INVOKING Heroism.
 13233 | Lair:5   | 13233 ||| Stepping ~*~*~tactically~*~*~ (cloud).
 13239 | Lair:5   | 13239 ||| Stepping ~*~*~tactically~*~*~ (cloud).
 13242 | Lair:5   | 13242 ||| Stepping ~*~*~tactically~*~*~ (cloud).
 13244 | Lair:5   | 13244 ||| Stepping ~*~*~tactically~*~*~ (cloud).
 13279 | Lair:5   | 13279 ||| INVOKING Heroism.
 13345 | Lair:5   | Reached XP level 14. HP: 72/86 MP: 23/23
 13408 | Lair:5   | Reached skill level 15 in Dodging
 13417 | Lair:5   | 13417 ||| INVOKING Heroism.
 13476 | Lair:5   | 13476 ||| INVOKING Heroism.
 13734 | Lair:5   | 13734 ||| DRINKING potion of mutation.
 13734 | Lair:5   | Lost mutation: You occasionally lose the ability to drink
                  | potions when taking damage. [potion of mutation]
 13734 | Lair:5   | Lost mutation: You are agile. (Dex +4, Str/Int -1) [potion
                  | of mutation]
 13734 | Lair:5   | Gained mutation: You occasionally lose the ability to read
                  | scrolls when taking damage. [potion of mutation]
 13734 | Lair:5   | Gained mutation: You are strong-willed. (Will+) [potion of
                  | mutation]
 13734 | Lair:5   | Gained mutation: You are resistant to electric shocks.
                  | (rElec) [potion of mutation]
 13734 | Lair:5   | Gained mutation: Your muscles are strong. (Str +4, Int/Dex
                  | -1) [potion of mutation]
 13735 | Lair:5   | 13735 ||| SWAPPING to +4 arbalest of electrocution.
 13736 | Lair:5   | 13736 ||| DROPPING +6 orcbow of Evolution {freeze, rElec
                  | Int+3}.
 13737 | Lair:5   | 13737 ||| READING scroll of enchant weapon.
 13737 | Lair:5   | 13737 ||| ENCHANTING +4 arbalest of electrocution.
 13742 | Lair:5   | 13742 ||| INVOKING Heroism.
 13771 | Lair:5   | 13771 ||| READING scroll of enchant armour.
 13771 | Lair:5   | 13771 ||| ENCHANTING +1 acid dragon scales.
 13916 | Lair:5   | 13916 ||| INVOKING Heroism.
 13917 | Lair:5   | 13917 ||| INVOKING Finesse.
 14064 | Lair:5   | 14064 ||| INVOKING Heroism.
 14135 | Lair:5   | 14135 ||| FLEEEEING.
 14173 | Lair:5   | 14173 ||| INVOKING Heroism.
 14194 | Lair:5   | 14194 ||| FLEEEEING.
 14195 | Lair:5   | 14195 ||| FLEEEEING.
 14196 | Lair:5   | 14196 ||| FLEEEEING.
 14197 | Lair:5   | 14197 ||| FLEEEEING.
 14198 | Lair:5   | 14198 ||| FLEEEEING.
 14199 | Lair:5   | 14199 ||| FLEEEEING.
 14200 | Lair:5   | 14200 ||| FLEEEEING.
 14269 | Lair:5   | 14269 ||| INVOKING Heroism.
 14314 | Lair:5   | 14314 ||| FLEEEEING.
 14315 | Lair:5   | 14315 ||| FLEEEEING.
 14325 | Lair:5   | 14325 ||| STAIRDANCE
 14364 | Lair:4   | 14364 ||| DROPPING +1 pair of gloves.
 14444 | Lair:5   | 14444 ||| INVOKING Heroism.
 14643 | Lair:5   | 14643 ||| INVOKING Heroism.
 14644 | Lair:5   | 14644 ||| INVOKING Finesse.
 14716 | Lair:5   | 14716 ||| INVOKING Heroism.
 14731 | Lair:5   | Received a gift from Okawaru
 14826 | Lair:5   | 14826 ||| INVOKING Heroism.
 14827 | Lair:5   | 14827 ||| INVOKING Finesse.
 14828 | Lair:5   | 14828 ||| Stepping ~*~*~tactically~*~*~ (outnumbered).
 14869 | Lair:5   | 14869 ||| INVOKING Heroism.
 14960 | Lair:5   | Received a gift from Okawaru
 15087 | Lair:5   | 15087 ||| PLANNING D:1-11
 15087 | Lair:5   | 15087 ||| DROPPING +1 pair of boots of stealth.
 15109 | Lair:4   | 15109 ||| INVOKING Heroism.
 15227 | D:11     | 15227 ||| PLANNING GAUNTLET
 15250 | D:11     | Found a gate leading to a gauntlet.
 15250 | D:11     | Noticed Urug
 15251 | D:11     | 15251 ||| INVOKING Heroism.
 15261 | D:11     | Killed Urug
 15309 | Gauntlet | Entered a Gauntlet
 15309 | Gauntlet | Found a transporter.
 15309 | Gauntlet | Found a transporter.
 15309 | Gauntlet | Found a transporter.
 15329 | Gauntlet | Found a transporter.
 15339 | Gauntlet | Found a transporter.
 15360 | Gauntlet | Found a transporter.
 15366 | Gauntlet | Found a transporter.
 15370 | Gauntlet | Found a large runed translucent door.
 15371 | Gauntlet | Found a large runed translucent door.
 15372 | Gauntlet | Found a large runed translucent door.
 15372 | Gauntlet | Found a large runed translucent door.
 15373 | Gauntlet | Found a runed translucent gate.
 15374 | Gauntlet | Found a transporter.
 15374 | Gauntlet | Found a runed translucent gate.
 15375 | Gauntlet | Found a runed translucent gate.
 15376 | Gauntlet | Found a large runed translucent door.
 15376 | Gauntlet | Found a large runed translucent door.
 15377 | Gauntlet | Found a large runed translucent door.
 15378 | Gauntlet | Found a large runed translucent door.
 15388 | Gauntlet | Found a large runed translucent door.
 15388 | Gauntlet | Found a large runed translucent door.
 15388 | Gauntlet | Found a runed translucent door.
 15388 | Gauntlet | Found a runed translucent door.
 15389 | Gauntlet | Found a large runed translucent door.
 15390 | Gauntlet | Found a large runed translucent door.
 15392 | Gauntlet | Found a transporter.
 15400 | Gauntlet | Found a transporter.
 15417 | Gauntlet | Found a transporter.
 15440 | Gauntlet | Found a transporter.
 15457 | Gauntlet | Found a large runed translucent door.
 15458 | Gauntlet | Found a large runed translucent door.
 15459 | Gauntlet | Found a large runed translucent door.
 15459 | Gauntlet | Found a large runed translucent door.
 15502 | Gauntlet | 15502 ||| INVOKING Heroism.
 15624 | Gauntlet | Identified the ring "Okituxtu" {AC+4 Int+4}
 15629 | Gauntlet | Identified the +0 pair of boots of Saedwepn {Contam
                  | *Corrode +Inv Int+9}
 15631 | Gauntlet | 15631 ||| DROPPING +0 pair of boots of Saedwepn {Contam
                  | *Corrode +Inv Int+9}.
 15632 | Gauntlet | 15632 ||| DROPPING ring "Okituxtu" {AC+4 Int+4}.
 15643 | Gauntlet | 15643 ||| Stepping ~*~*~tactically~*~*~ (cloud).
 15646 | Gauntlet | 15646 ||| INVOKING Heroism.
 15769 | Gauntlet | 15769 ||| DRINKING 2 potions of mutation.
 15769 | Gauntlet | Lost mutation: You are strong-willed. (Will+) [potion of
                  | mutation]
 15769 | Gauntlet | Lost mutation: You are resistant to electric shocks.
                  | (rElec) [potion of mutation]
 15769 | Gauntlet | Lost mutation: You occasionally lose the ability to read
                  | scrolls when taking damage. [potion of mutation]
 15773 | Gauntlet | Identified the ring "Saitt" {rF+ rC- rCorr Str+3 Int+3}
 15788 | Gauntlet | Found the +5 Force Lance {heavy, knockback}
 15789 | Gauntlet | 15789 ||| INVOKING Heroism.
 15917 | Gauntlet | 15917 ||| UPGRADING to +1 ring mail of poison resistance.
 15929 | D:11     | 15929 ||| PLANNING D:1-11
 15999 | D:11     | 15999 ||| INVOKING Heroism.
 16108 | D:11     | Noticed Amaemon
 16124 | D:11     | Killed Amaemon
 16246 | D:11     | 16246 ||| INVOKING Heroism.
 16254 | D:11     | Reached XP level 15. HP: 31/95 MP: 22/24
 16259 | D:11     | 16259 ||| Stepping randomly (disturbance).
 16263 | D:11     | HP: 23/95 [poisoned by an orc wizard]
 16472 | D:11     | Found a shimmering altar of Xom.
 16655 | D:11     | Noticed Josephine
 16663 | D:11     | Killed Josephine
 16680 | D:11     | 16680 ||| INVOKING Heroism.
 16963 | D:11     | 16963 ||| PLANNING D
 16963 | D:11     | 16963 ||| READING 11 scrolls of identify.
 16963 | D:11     | 16963 ||| IDENTIFYING red potion
 16964 | D:11     | 16964 ||| READING 10 scrolls of identify.
 16964 | D:11     | 16964 ||| IDENTIFYING green potion
 16965 | D:11     | 16965 ||| DROPPING potion of ambrosia.
 16992 | D:12     | 16992 ||| Stepping ~*~*~tactically~*~*~ (outnumbered).
 16995 | D:12     | 16995 ||| Stepping ~*~*~tactically~*~*~ (outnumbered).
 16997 | D:12     | 16997 ||| Stepping ~*~*~tactically~*~*~ (outnumbered).
 16999 | D:12     | 16999 ||| FLEEEEING.
 17208 | D:12     | Received a gift from Okawaru
 17292 | D:12     | Identified the +4 trident "Janwuog" {flame, rC+}
 17301 | D:12     | 17301 ||| INVOKING Heroism.
 17317 | D:12     | HP: 22/96 [??? (20)]
 17318 | D:12     | 17318 ||| READING 3 scrolls of teleportation.
 17318 | D:12     | HP: 10/96 [death knight/+0 broad axe (12)]
 17319 | D:12     | 17319 ||| DRINKING 9 potions of heal wounds.
 17320 | D:12     | 17320 ||| DRINKING 8 potions of heal wounds.
 17325 | D:12     | Reached skill level 12 in Fighting
 17326 | D:12     | 17326 ||| Stepping randomly (disturbance).
 17516 | D:12     | 17516 ||| READING scroll of acquirement.
 17516 | D:12     | 17516 ||| ACQUIRING amulet of reflection
 17516 | D:12     | Acquired an amulet of reflection
 17518 | D:12     | 17518 ||| UPGRADING to amulet of reflection.
 17657 | D:12     | 17657 ||| FLEEEEING.
 17658 | D:12     | 17658 ||| FLEEEEING.
 17659 | D:12     | 17659 ||| FLEEEEING.
 17660 | D:12     | 17660 ||| FLEEEEING.
 17716 | D:12     | 17716 ||| INVOKING Heroism.
 17724 | D:12     | HP: 11/96 [skeletal warrior/+0 short sword (19)]
 17725 | D:12     | 17725 ||| READING 2 scrolls of teleportation.
 17726 | D:12     | 17726 ||| DRINKING 7 potions of heal wounds.
 17729 | D:12     | 17729 ||| DRINKING 6 potions of heal wounds.
 17749 | D:12     | 17749 ||| INVOKING Heroism.
 17901 | D:12     | 17901 ||| INVOKING Heroism.
 17943 | D:12     | Identified the +7 bardiche "Toh Tok" {venom, rPois Will+}
 18110 | D:12     | 18110 ||| INVOKING Heroism.
 18131 | D:12     | 18131 ||| Stepping randomly (disturbance).
 18279 | D:12     | 18279 ||| INVOKING Heroism.
 18338 | D:12     | 18338 ||| INVOKING Heroism.
 18638 | D:13     | 18638 ||| INVOKING Heroism.
 18944 | D:13     | 18944 ||| INVOKING Heroism.
 19040 | D:13     | Found a gate to the Vaults.
 19047 | D:13     | 19047 ||| INVOKING Heroism.
 19799 | D:13     | 19799 ||| DROPPING ring of ice.
 19929 | D:14     | 19929 ||| FLEEEEING.
 19930 | D:14     | 19930 ||| FLEEEEING.
 19931 | D:14     | 19931 ||| FLEEEEING.
 19975 | D:14     | Found an iron altar of Okawaru.
 19981 | D:14     | 19981 ||| Stepping ~*~*~tactically~*~*~ (outnumbered).
 19984 | D:14     | 19984 ||| INVOKING Heroism.
 20099 | D:14     | 20099 ||| INVOKING Heroism.
 20151 | D:14     | 20151 ||| INVOKING Heroism.
 20479 | D:14     | Found an ancient bone altar of Kikubaaqudgha.
 20527 | D:15     | Entered Level 15 of the Dungeon
 20533 | D:15     | 20533 ||| INVOKING Heroism.
 20546 | D:15     | Reached skill level 18 in Dodging
 20546 | D:15     | 20546 ||| STAIRDANCE
 20739 | D:15     | 20739 ||| INVOKING Heroism.
 20740 | D:15     | Noticed Rupert
 20753 | D:15     | 20753 ||| STAIRDANCE
 20755 | D:15     | 20755 ||| STAIRDANCE
 20757 | D:15     | 20757 ||| STAIRDANCE
 20760 | D:14     | HP: 17/97 [Rupert/+2 great sword of holy wrath (17)]
 20761 | D:14     | 20761 ||| READING scroll of teleportation.
 20761 | D:14     | Mangled by Rupert

Levels and vault maps discovered:
D:1:      dpeg_arrival_windows_large_door, layout_loops_ring
D:2:      layout_rooms, chequers_serial_rivers_marsh, grunt_decor_cap,
          dreamdust_wishing_well
D:3:      minmay_thinvault, layout_rooms, gammafunk_ghost_icy, serial_shops,
          nicolae_book_shop_shelving
D:4:      cheibrodos_fertilizer, layout_gridville, portal_sewer_entry_f,
          sigmund_edmund_badplayer
D:5:      layout_basic, zin_academy
D:6:      layout_basic, minmay_misc_feat_tiny
D:7:      layout_layer_cave, minmay_temple_entry_waves, serial_shops,
          nicolae_inconvenience_store, roderic_roman_lattice, uniq_duvessa
D:8:      layout_basic, kennysheep_mini, serial_shops,
          nicolae_shop_tiny_statue_garden
D:9:      layout_loops_ring, elyvilon_altar_5, orc_0_dummy,
          hellmonk_bongcloud_opening
D:10:     layout_loops_cross, nzn_wu_jian_council_hall, david_lair_shrubbed,
          item_on_display_a
D:11:     layout_irregular_city, gauntlet_entry_generic, xom_confusion_cloud,
          uniq_urug, uniq_josephine, uniq_amaemon
D:12:     kennysheep_blocky_room, layout_basic, grunt_ministairs_2, minivault_7
D:13:     layout_loops_corners, grunt_vaults_entry_fortified, tgw_trog
D:14:     layout_cave_pools, nicolae_kikubaaqudgha_miasma_corner,
          okawaru_metal_pillars_1_2
D:15:     hangedman_depths_entry_civil_slaughter, layout_basic, serial_shops,
          shop, uniq_rupert
Temple:   regret_index_temple_chain_breaker
Lair:1:   layout_regular_city
Lair:2:   layout_long_grid, minmay_shoals_entry_centaurs, gammafunk_ghost_split,
          lemuel_fruit_tree
Lair:3:   layout_cave_pods, nicolae_spider_entry_tight_spaces,
          chequers_serial_rivers_micro_c, lemuel_oklob_altar
Lair:4:   layout_gridlike, slime_entry_2, serial_bayou_shore_b,
          serial_bayou_shore_a, grunt_megastairs_2, infiniplex_staircase_pool_2,
          uniq_sonja
Lair:5:   due_jungle_book, layout_regular_city, serial_bayou_shore_b

Skill      XL: |  1  2  3  4  5  6  7  8  9 10 11 12 13 14 15 |
---------------+----------------------------------------------+-----
Ranged Weapons | 6 7 8 9 12 14 19 | 19.5
Fighting       | 2 3 5 6 8 9 11 12 | 12.9
Dodging        | 3 4 5 6 7 11 13 14 15 18 | 18.0
Armour         | 1 2 4 5 6 8 |  8.0
Invocations    | 4 6 10 | 10.0
Stealth        | |  1.2

Action                     |  1- 3 |  4- 6 |  7- 9 | 10-12 | 13-15 || total
---------------------------+-------+-------+-------+-------+-------++-------
   Fire: Shortbow          |    79 |       |       |       |       ||    79
         Orcbow            |     8 |    95 |   199 |   479 |   317 ||  1098
         Arbalest          |       |       |       |       |   743 ||   743
 Invoke: Heroism           |       |       |       |    23 |    50 ||    73
         Finesse           |       |       |       |       |     3 ||     3
    Use: Scroll            |     3 |     8 |     9 |     7 |    12 ||    39
         Potion            |     1 |     6 |     1 |       |     6 ||    14
 Armour: Leather armour    |     6 |     1 |       |     3 |       ||    10
         Ring mail         |       |     3 |     8 |     3 |    74 ||    88
         Acid dragon scale |       |       |       |    13 |    55 ||    68
         Skin              |       |       |       |       |    15 ||    15
  Dodge: Dodged            |    13 |     5 |    15 |   116 |   692 ||   841
  Block: Other             |       |       |       |       |    51 ||    51
         Reflection        |       |       |       |       |     6 ||     6

Table legend:
 A = Non-vault XP
 B = Vault XP
 C = Vault XP percentage of total XP
 D = Non-vault monster count
 E = Vault monster count
 F = Vault count percentage of total count
                 A         B        C        D         E       F
            +---------+---------+-------+---------+---------+-------
      Total |   95265 |   44041 |  31.6 |     459 |     175 |  27.6
            +---------+---------+-------+---------+---------+-------
        D:1 |      41 |       0 |   0.0 |      23 |       0 |   0.0
        D:2 |      33 |       0 |   0.0 |      13 |       0 |   0.0
        D:3 |     109 |      33 |  23.2 |      21 |      18 |  46.2
        D:4 |     252 |     465 |  64.9 |       9 |      22 |  71.0
        D:5 |     957 |       0 |   0.0 |      21 |       0 |   0.0
        D:6 |     739 |       0 |   0.0 |      17 |       0 |   0.0
        D:7 |    2460 |     218 |   8.1 |      34 |       2 |   5.6
        D:8 |    2062 |       0 |   0.0 |      32 |       0 |   0.0
        D:9 |    2763 |       0 |   0.0 |      33 |       0 |   0.0
       D:10 |    2546 |     361 |  12.4 |      17 |       1 |   5.6
       D:11 |    3386 |    6211 |  64.7 |      15 |      16 |  51.6
       D:12 |    5909 |    6393 |  52.0 |      19 |      28 |  59.6
       D:13 |    2143 |    7140 |  76.9 |      13 |      10 |  43.5
       D:14 |   10234 |       0 |   0.0 |      22 |       0 |   0.0
       D:15 |    5453 |       0 |   0.0 |       9 |       0 |   0.0
     Lair:1 |    7950 |       0 |   0.0 |      30 |       0 |   0.0
     Lair:2 |   11445 |     340 |   2.9 |      37 |       3 |   7.5
     Lair:3 |    8662 |    2160 |  20.0 |      26 |       9 |  25.7
     Lair:4 |    6672 |    1324 |  16.6 |      20 |       3 |  13.0
     Lair:5 |   21449 |   15677 |  42.2 |      48 |      28 |  36.8
      Sewer |       0 |     806 | 100.0 |       0 |      28 | 100.0
   Gauntlet |       0 |    2913 | 100.0 |       0 |       7 | 100.0
            +---------+---------+-------+---------+---------+-------
